 Dungeon Sprint DCSS version 0.22-b1-26-g9dbaab1 (webtiles) character file.

3714 Lilu the Warrior (level 10, -1/135 HPs)
             Began as an Ogre Berserker on Aug 6, 2018.
             Was a High Priest of Trog.
             Slain by a death yak (26 damage)
             ... in the Dungeon (Sprint IX: "|||||||||||||||||||||||||||||").
             The game lasted 00:06:05 (1171 turns).

Lilu the Warrior (Ogre Berserker)                   Turns: 1171, Time: 00:06:06

Health: -1/135     AC:  8    Str: 24    XL:     10   Next: 14%
Magic:  13/13      EV: 12    Int:  8    God:    Trog [*****.]
Gold:   17         SH:  0    Dex: 10    Spells: 9/9 levels left

rFire    . . .     SeeInvis .   j - +5 war axe of Evisceration {holy, MR+}
rCold    . . .     Gourm    .   (no shield)
rNeg     . . .     Faith    .   b - +0 animal skin
rPois    .         Spirit   .   (helmet restricted)
rElec    .         Reflect  .   p - +0 cloak
rCorr    .         Harm     .   (gloves unavailable)
MR       ++++.     NoTele   +   (boots unavailable)
Stlth    +.........             (no amulet)
HPRegen  1.32/turn              q - +2 ring of protection
MPRegen  0.13/turn              r - +2 ring of protection

@: berserk cooldown, regenerating, slowed, very slow
A: large, unfitting armour, tough skin 1
a: Berserk, Trog's Hand, Brothers in Arms, Renounce Religion


You were in the Dungeon.
You worshipped Trog.
Trog was extremely pleased with you.
You were near starving.

You visited 1 branch You collected 17 gold pieces.

Inventory:

Hand Weapons
 j - the +5 war axe of Evisceration (weapon) {holy, MR+}
   (You found it in the Dungeon)

   It has been blessed by the Shining One to cause great damage to the undead
   and demons.
   It affects your resistance to hostile enchantments.
 k - a +0 giant club
 n - a +2 dire flail of crushing
 o - the +3 war axe "Liqazi" {venom, rPois}
   (You found it in the Dungeon)

   It poisons the flesh of those it strikes.
   It protects you from poison.
 v - the +3 fustibalus "Lioprudie" {flame, rPois rF+ rN+++ Int-5}
   (Trog gifted it to you in the Dungeon)

   It causes projectiles fired from it to burn those they strike, causing extra
   injury to most foes and up to half again as much damage against particularly
   susceptible opponents.
   It affects your intelligence (-5).
   It protects you from fire.
   It protects you from poison.
   It renders you almost immune to negative energy.
Armour
 b - a +0 animal skin (worn)
 p - a +0 cloak (worn)
Jewellery
 q - a +2 ring of protection (left hand)
 r - a +2 ring of protection (right hand)
Wands
 m - a wand of acid (10)
Scrolls
 i - 2 scrolls of blinking
 l - 5 scrolls of remove curse
 s - a scroll of identify
 t - a scroll of fear
 u - a scroll of fog
Potions
 a - a potion of invisibility
 c - 2 potions of agility
 d - 7 potions of curing
 e - 5 potions of heal wounds
 f - a potion of haste
 g - 4 potions of magic
 h - a potion of berserk rage


   Skills:
 - Level 18.3 Fighting
 * Level 14.5(14.6) Axes
 - Level 2.6(9.3) Maces & Flails
 + Level 7.3 Dodging
 - Level 4.3 Evocations


You had 9 spell levels left.
You didn't know any spells.
Your spell library was empty.

Dungeon Overview and Level Annotations

Branches:
Dungeon (1/1)

Altars:
Cheibriados
Dithmenos
Elyvilon
Fedhas
Gozag
Hepliaklqana
Kikubaaqudgha
Makhleb
Nemelex Xobeh
Okawaru
Qazlal
Ru
Sif Muna
Trog
Uskayaw
Vehumet
Wu Jian
Xom
Yredelemnul
Zin
The Shining One
Beogh
Jiyva
Lugonu


Innate Abilities, Weirdness & Mutations

You are too large for most types of armour.
You have tough skin. (AC +1)


Message History

You kill the seven-headed hydra!
Trog accepts your kill.
Your Axes skill increases to level 14!
Your Dodging skill increases to level 7!
You have reached level 10!
Wield which item (- for none, * to show all)? (? for menu, Esc to quit)
The +5 war axe of Evisceration {holy, MR+} softly glows with a divine radiance!
j - the +5 war axe of Evisceration (weapon)
{holy, MR+} You slice the death yak!!
The death yak is moderately wounded.
You chop the death yak into pieces!!!
The death yak is severely wounded.
You are no longer berserk.
Trog's vigour flows through your veins.
You are exhausted.
You feel yourself slow down.
You hit the death yak but do no damage.
The death yak is severely wounded.
The death yak gores you!!
You die...

▓▓▓▓▓▓▓▓▓▓▓▓▓▓▓▓▓▓▓▓▓▓▓▓▓▓▓▓▓▓▓▓▓
.'________________________'†?|).[
▓▓▓▓▓▓▓▓▓▓▓▓▓▓▓▓▓▓▓▓▓▓▓▓▓▓▓▓▓▓▓▓▓
.................................
▓▓▓▓▓▓▓▓▓▓▓▓▓▓▓▓▓▓▓▓▓▓▓▓▓▓▓▓▓▓▓▓▓
.....†÷........)@YSrS.rF
▓▓▓▓▓▓▓▓▓▓▓▓▓▓▓▓▓▓▓▓▓▓▓▓


You could see a death yak, 2 water moccasins, a bullfrog and 2 porcupines.

Vanquished Creatures
  A hydra (D)
  An unseen horror (shapeshifter) (D)
  A black mamba (D)
  A spiny frog (D)
  2 hippogriffs (D)
  A blink frog (D)
  2 yaks (D)
  A basilisk (D)
  A water moccasin (D)
  2 orc warriors (D)
  3 ogres (D)
  A crocodile (D)
  2 bullfrogs (D)
  2 scorpions (D)
  A quasit (D)
  A hound (D)
  An iguana (D)
  A worker ant (D)
  An adder (D)
  2 bat skeletons (D)
  A giant cockroach (D)
  2 hobgoblins (D)
  A kobold (D)
  A rat (D)
33 creatures vanquished.

Notes
Turn   | Place    | Note
-------+----------+-------------------------------------------
     0 | D        | Lilu the Ogre Berserker began the quest for the Orb.
     0 | D        | Reached XP level 1. HP: 24/24 MP: 1/1
     6 | D        | Reached skill level 5 in Fighting
    18 | D        | Reached ** piety under Trog
    22 | D        | Reached skill level 6 in Fighting
   212 | D        | Noticed an iguana
   212 | D        | Noticed an ogre
   212 | D        | Noticed a worker ant
   217 | D        | Reached XP level 2. HP: 37/37 MP: 2/2
   221 | D        | Reached *** piety under Trog
   221 | D        | Reached skill level 9 in Fighting
   221 | D        | Reached XP level 3. HP: 50/50 MP: 3/3
   227 | D        | Killed an ogre
   227 | D        | Reached skill level 12 in Fighting
   227 | D        | Reached XP level 4. HP: 60/67 MP: 4/4
   227 | D        | Reached XP level 5. HP: 68/75 MP: 5/5
   232 | D        | Reached skill level 13 in Fighting
   356 | D        | Found a roughly hewn altar of Beogh.
   356 | D        | Found a snail-covered altar of Cheibriados.
   356 | D        | Found a shadowy altar of Dithmenos.
   356 | D        | Found a white marble altar of Elyvilon.
   356 | D        | Found a blossoming altar of Fedhas.
   356 | D        | Found an opulent altar of Gozag.
   357 | D        | Found a hazy altar of Hepliaklqana.
   358 | D        | Found a viscous altar of Jiyva.
   359 | D        | Found an ancient bone altar of Kikubaaqudgha.
   360 | D        | Found a corrupted altar of Lugonu.
   361 | D        | Found a burning altar of Makhleb.
   362 | D        | Found a sparkling altar of Nemelex Xobeh.
   363 | D        | Found an iron altar of Okawaru.
   364 | D        | Found a stormy altar of Qazlal.
   365 | D        | Found a sacrificial altar of Ru.
   366 | D        | Found a deep blue altar of Sif Muna.
   367 | D        | Found a bloodstained altar of Trog.
   368 | D        | Found a hide-covered altar of Uskayaw.
   369 | D        | Found a radiant altar of Vehumet.
   370 | D        | Found an ornate altar of the Wu Jian Council.
   371 | D        | Found a shimmering altar of Xom.
   372 | D        | Found a basalt altar of Yredelemnul.
   373 | D        | Found a glowing silver altar of Zin.
   374 | D        | Found a glowing golden altar of the Shining One.
   391 | D        | Got the +3 war axe "Liqazi" {venom, rPois}
   404 | D        | Noticed a yak
   404 | D        | Noticed an orc warrior
   404 | D        | Noticed an ogre
   416 | D        | Reached **** piety under Trog
   419 | D        | Reached skill level 14 in Fighting
   419 | D        | Reached XP level 6. HP: 69/88 MP: 6/6
   429 | D        | Killed a yak
   429 | D        | Reached skill level 15 in Fighting
   434 | D        | Killed an orc warrior
   434 | D        | Reached XP level 7. HP: 30/100 MP: 7/7
   435 | D        | Received a gift from Trog
   435 | D        | Reached skill level 16 in Fighting
   618 | D        | Noticed a hippogriff
   621 | D        | a hippogriff changed into something unseen
   623 | D        | Killed an unseen horror
   623 | D        | Reached ***** piety under Trog
   623 | D        | Reached skill level 17 in Fighting
   623 | D        | Reached skill level 10 in Axes
   623 | D        | Reached XP level 8. HP: 115/115 MP: 8/8
   625 | D        | Reached skill level 18 in Fighting
   816 | D        | Got the +5 war axe of Evisceration {holy, MR+}
   854 | D        | Noticed a spiny frog
   854 | D        | Noticed a blink frog
   854 | D        | Noticed a hippogriff
   859 | D        | Killed a spiny frog
   859 | D        | Reached XP level 9. HP: 124/124 MP: 8/11
   862 | D        | Received a gift from Trog
   863 | D        | Noticed a black mamba
   891 | D        | Killed a black mamba
   891 | D        | Reached skill level 5 in Dodging
   901 | D        | Got a fine fustibalus {god gift}
   904 | D        | Identified the +3 fustibalus "Lioprudie" {flame, rPois rF+ rN+++ Int-5} (Trog gifted it to you in the Dungeon)
  1155 | D        | Noticed a seven-headed hydra
  1155 | D        | Noticed a death yak
  1159 | D        | Received a gift from Trog
  1167 | D        | Killed a seven-headed hydra
  1167 | D        | Reached XP level 10. HP: 32/135 MP: 13/13
  1171 | D        | Slain by a death yak

Skill      XL: |  1  2  3  4  5  6  7  8  9 |
---------------+----------------------------+-----
Fighting       | 6 9 12 14 15 17 18 | 18.3
Axes           | 3 7 10 11 14 | 14.5
Dodging        | 3 7 |  7.3
Evocations     | 2 4 |  4.3
Maces & Flails | |  2.6

Action                   |  1- 3 |  4- 6 |  7- 9 | 10-12 || total
-------------------------+-------+-------+-------+-------++-------
Melee: Mace              |    38 |     5 |       |       ||    43
       War axe           |       |    15 |    59 |     3 ||    77
       Dire flail        |       |       |     9 |       ||     9
Invok: Berserk           |     1 |     1 |     5 |       ||     7
       Trog's Hand       |       |     1 |     6 |       ||     7
  Eat: Chunk             |       |       |     5 |       ||     5
       Ration            |       |       |     1 |       ||     1
Armor: Animal skin       |    10 |     8 |    28 |       ||    46
Dodge: Dodged            |    17 |    14 |    41 |       ||    72
